 Dungeon Crawl Stone Soup version 0.28.0-53-g5a82cb258f (webtiles) character file.

Game seed: 4042904177285989894

53 Gabide the Bolt Thrower (level 3, -1/30 HPs)
             Began as a Barachi Hunter on June 18, 2022.
             Slain by Natasha (5 damage)
             ... on level 2 of the Dungeon.
             The game lasted 00:01:10 (2248 turns).

Gabide the Bolt Thrower (Barachi Hunter)            Turns: 2248, Time: 00:01:11

Health: -1/30      AC:  4    Str: 13    XL:     3   Next: 89%
Magic:  3/3        EV: 12    Int: 11    God:
Gold:   55         SH:  0    Dex: 14    Spells: 2/2 levels left

rFire   . . .      SeeInvis .   a - +1 hand crossbow
rCold   . . .      Faith    .   (no shield)
rNeg    . . .      Spirit   .   c - +0 leather armour
rPois   .          Reflect  .   e - +1 hat
rElec   .          Harm     .   (no cloak)
rCorr   .          Rampage  .   (no gloves)
Will    .....                   (no boots)
Stlth   +.........              (no amulet)
HPRegen 0.10/turn               (no ring)
MPRegen 0.08/turn               (no ring)

@: invisible, slow
A: amphibious, slowness 1, strong legs 1, +LOS
a: Hop


You were on level 2 of the Dungeon.
You visited 1 branch of the dungeon, and saw 2 of its levels.

You collected 55 gold pieces.

Inventory:

Hand Weapons
 a - a +1 hand crossbow (weapon)
 b - a +0 short sword
Missiles
 d - 20 bolts (quivered ammo)
Armour
 c - a +0 leather armour (worn)
 e - a +1 hat (worn)
Scrolls
 f - a scroll of amnesia {unknown}
 g - a scroll of fear {unknown}
 h - a scroll of identify {unknown}


   Skills:
 + Level 3.9 Fighting
 + Level 4.7 Crossbows
 - Level 2.1 Dodging
 - Level 0.8 Stealth


You had 2 spell levels left.
You didn't know any spells.
Your spell library was empty.

Dungeon Overview and Level Annotations

Branches:
Dungeon (2/15)

Altars:

Annotations:
D:2 Natasha


Innate Abilities, Weirdness & Mutations

You are amphibious.
You cover ground slowly.
You can hop short distances.
You have an extended range of vision and can be seen from far away.


Message History

You hit the dart slug.
The dart slug is severely wounded.
The dart slug completely misses you.
You hear some strange, mumbled words.
You hit the dart slug.
The dart slug is almost dead.
Something claws you but does no damage. The dart slug closely misses you.
The crimson imp blinks!
You hit the dart slug but do no damage.
The dart slug is almost dead.
Something claws you. The dart slug closely misses you.
You hit the dart slug.
You kill the dart slug!
Something claws you.
The crimson imp blinks!
Something claws you.
The crimson imp blinks!
You are too injured to fight recklessly!
You are too injured to fight recklessly!
You are too injured to fight recklessly!
You are too injured to fight recklessly!
You are too injured to fight recklessly!
You are too injured to fight recklessly!
You are too injured to fight recklessly!
You are too injured to fight recklessly!
Unknown command.
Something claws you but does no damage.
You hear some strange, mumbled words.
A magic dart appears from out of thin air!
The magic dart hits you.
* * * LOW HITPOINT WARNING * * *
a - a +1 hand crossbow (weapon)
Okay, then.
Okay, then.
You fade into invisibility!
You hear some strange, mumbled words.
A magic dart appears from out of thin air!
The magic dart hits you.
* * * LOW HITPOINT WARNING * * *
The crimson imp blinks!
Something claws you.
You die...

..#.......#.# #
#.#.......#$# # ##
#.#...$...#.####### ...
#.........#........ ....
#........#........ .....
#..............†.. ......
#.................
.......####.##.............
..........@......†......###
.........{..........#####
....................#
............#.......#
.).....######.#####.#
...#### #.# #.# .. #.# .#
#.. . . .# #.. #..


There were no monsters in sight!

Vanquished Creatures
  4 dart slugs
  5 bats
  5 endoplasms
  6 giant cockroaches
  3 goblins
  2 hobgoblins (D:2)
  3 jackals (D:1)
  2 quokkas
  4 ball pythons
  2 frilled lizards (D:1)
  4 rats
40 creatures vanquished.

Notes
Turn   | Place    | Note
-------+----------+-------------------------------------------
     0 | D:1      | Gabide the Barachi Hunter began the quest for the Orb.
     0 | D:1      | Reached XP level 1. HP: 17/17 MP: 1/1
   392 | D:1      | Reached XP level 2. HP: 16/23 MP: 2/2
  1026 | D:1      | Reached XP level 3. HP: 19/29 MP: 3/3
  1806 | D:2      | Found a faded altar of an unknown god.
  2233 | D:2      | Noticed Natasha
  2248 | D:2      | Slain by Natasha

Illustrated notes

Levels and vault maps discovered:
D:1:      dpeg_arrival_water_temple_mockup, layout_loops_corners
D:2:      layout_basic, ebering_ecumenical_altar_mist, uniq_natasha

Skill      XL: |  1  2 |
---------------+-------+-----
Fighting       | 3 |  3.9
Crossbows      | |  4.7
Dodging        | |  2.1
Stealth        | |  0.8

Action                   || total
-------------------------++-------
Melee: Short sword       ||   162
       Punch             ||     3
  Use: Potion            ||     1
 Stab: Sleeping          ||     2
Armor: Leather armour    ||    58
Dodge: Dodged            ||   111
